AoeStats
← [NICE_ASS] BigMasi

Socotra

505732618Analyzed
3v3 RM · 21d ago on Sep 10, 2026· 30m 59s· 6 players
Game mode
Random Map
Map size
128×128
Population
200
Speed
Normal
Resources
Standard
Victory
Conquest
Starting age
Dark Age
Ending age
Imperial Age
RankedLock teamsTeams togetherTeam positionsShared explorationLock speedFull tech treeHidden civsTurbo modeCheats
Victory
Defeat
🇬🇧 Malay · United Kingdom
1278
+16
🇨🇭 Vietnamese · Switzerland
1275
+16
🇿🇦 Lithuanians · South Africa
1256
+17
🇲🇽 Persians · Mexico
1351
-20
🇦🇷 Inca · Argentina
1250
-15
🇲🇽 Magyars · Mexico
1229
-14
MAK Tribe
6:28 Loom
9:22 Feudal Age
10:02 Double-Bit Axe
13:37 Town Watch
17:06 Wheelbarrow
21:55 Castle Age
20:44 Horse Collar
21:38 Bloodlines
22:41 Scale Barding Armor
23:43 Forging
25:25 Chain Barding Armor
26:37 Husbandry
28:45 Fervor
29:11 Husbandry
[NICE_ASS] BigMasi
1:56 Loom
6:29 Loom
9:57 Feudal Age
11:34 Double-Bit Axe
11:37 Horse Collar
14:38 Gold Mining
15:05 Fletching
24:21 Castle Age
23:41 Padded Archer Armor
24:58 Bodkin Arrow
24:27 Crossbowman
25:35 Leather Archer Armor
26:49 Thumb Ring
29:08 Wheelbarrow
30:58 Town Watch
God Of The Sea People
0:36 Loom
27:01 Feudal Age
27:17 Double-Bit Axe
27:16 Horse Collar
29:33 Fletching
31:34 Padded Archer Armor
Rata Preñadora
5:26 Loom
20:52 Feudal Age
26:11 Wheelbarrow
27:23 Town Watch
30:49 Castle Age
28:53 Scale Mail Armor
30:20 Forging
30:10 Horse Collar
30:17 Double-Bit Axe
Nalgas Prietas
5:59 Loom
10:52 Feudal Age
11:29 Double-Bit Axe
23:11 Castle Age
23:24 Bloodlines
23:21 Scale Barding Armor
23:08 Gold Mining
23:00 Horse Collar
24:25 Chain Barding Armor
24:28 Bow Saw
24:50 Husbandry
27:00 Light Cavalry
Oso Táctico
3:26 Loom
9:41 Feudal Age
13:23 Horse Collar
13:29 Double-Bit Axe
13:34 Gold Mining
16:51 Scale Mail Armor
19:08 Fletching
19:56 Padded Archer Armor
22:06 Gold Mining
22:45 Town Watch
24:56 Wheelbarrow
28:06 Castle Age
27:22 Forging
Connection lost

Rejoining the realm…

Still unreachable

The connection could not be restored.

Session expired

The server has moved on; the page needs a fresh start.